 Dungeon Crawl Stone Soup version 0.18.1-50-g88ac8fd (webtiles) character file.

17082 magog001 the Blocker (level 12, 0/107 HPs)
             Began as a Minotaur Fighter on Sept 9, 2017.
             Killed from afar by Frances (40 damage)
             ... with an iron shot
             ... on level 13 of the Dungeon.
             The game lasted 01:18:57 (13219 turns).

magog001 the Blocker (Minotaur Fighter)            Turns: 13219, Time: 01:18:58

Health: 0/107      AC: 17    Str: 25    XL:     12   Next: 15%
Magic:  11/11      EV: 13    Int:  5    God:
Gold:   167        SH: 14    Dex: 13    Spells: 0 memorised, 11 levels left

rFire  + + .     SeeInvis +     y - +6 mace
rCold  . . .     Gourm    +     h - +4 scale mail
rNeg   . . .     Faith    .     c - +0 shield
rPois  .         Spirit   .     (helmet restricted)
rElec  .         Dismiss  .     P - +2 cloak {+Inv}
rCorr  .         Reflect  .     q - +0 pair of gloves
SustAt .         Harm     .     (no boots)
MR     .....     Rnd*Rage +     b - amulet of the gourmand
Stlth  ..........               m - ring of protection from fire
                                z - ring of see invisible

@: not resistant to hostile enchantments, extremely unstealthy
A: retaliatory headbutt, horns 2, agile 1, berserk 1, fire resistance 1,
regeneration 1, screaming 1, wild magic 1
a: Evoke Invisibility


You were on level 13 of the Dungeon.
You were completely stuffed.

You visited 1 branch of the dungeon, and saw 13 of its levels.
You also visited: Sewer and Bailey.

You collected 649 gold pieces.
You spent 482 gold pieces at shops.

Inventory:

Hand Weapons
 i - a +0 hunting sling
 y - a +6 mace (weapon)
Missiles
 g - 52 sling bullets
 K - 58 tomahawks of returning (quivered)
Armour
 c - a +0 shield (worn)
 h - a +4 scale mail (worn)
 q - a +0 pair of gloves (worn)
 P - a +2 cloak of invisibility (worn)
Jewellery
 a - an uncursed ring of ice
 b - an amulet of the gourmand (around neck)
 m - a ring of protection from fire (right hand)
 z - a ring of see invisible (left hand)
Wands
 n - a wand of teleportation (3/9)
 r - a wand of iceblast (6/15)
 w - a wand of heal wounds (3/9)
 E - a wand of polymorph (6/24)
 F - a wand of random effects (8/48)
 I - a wand of disintegration (17/24)
 O - a wand of disintegration (12/24)
 Q - a wand of iceblast (4/15)
 S - a wand of acid (4/15)
Scrolls
 e - 2 scrolls of teleportation
 j - 2 scrolls of recharging
 k - 2 scrolls of fear
 s - a scroll of identify
 t - a scroll of amnesia
 v - a scroll of remove curse
 H - 2 scrolls of silence
Potions
 d - 3 potions of might
 l - 6 potions of flight
 o - 4 potions of agility
 p - a potion of ambrosia
 A - 8 potions of curing
 B - 3 potions of brilliance
 C - 2 potions of magic
 G - 6 potions of heal wounds
 J - a potion of cancellation
 L - a potion of cure mutation
 N - a potion of berserk rage
Comestibles
 f - 12 bread rations
 u - 10 beef jerkies
 x - a royal jelly
 D - 3 meat rations
 M - a fruit
 R - 4 chunks of flesh


   Skills:
 * Level 10.4 Fighting
   Level 3.7(8.1) Axes
 * Level 11.1(11.3) Maces & Flails
 * Level 10.7 Armour
 + Level 6.9 Dodging
 + Level 0.5 Stealth
 * Level 13.5 Shields
 + Level 1.0 Evocations


You had 11 spell levels left.
You didn't know any spells.

Dungeon Overview and Level Annotations

Branches:
Dungeon (13/15)            Temple (0/1) D:5            Lair (0/8) D:10
    Orc (0/2) D:11
 Vaults: D:13-14

Altars:
Dithmenos
Elyvilon
Fedhas
Gozag
Makhleb
Pakellas
Sif Muna
Trog
Yredelemnul

Shops:
D:4 (   D:7 *   D:9 *(}(

Portals:
Trove: D:10 (give horn of Geryon)

Annotations:
D:13 Frances


Innate Abilities, Weirdness & Mutations

You reflexively headbutt those who attack you in melee.
You have a pair of horns on your head.
You are agile. (Dex +2)
You tend to lose your temper in combat.
Your flesh is heat resistant.
Your natural rate of healing is unusually fast.
You occasionally shout uncontrollably at your foes.
Your spells are a little harder to cast, but a little more powerful.


Message History

You feel much better.
This wand has 3 charges left.
Frances screams a word of power!
You block the shard of ice. The ice devil hits you! The ice devil freezes you!
The smoke demon hits you but does no damage.
The smoke demon closely misses you.
The smoke demon hits you but does no damage.
Frances howls an indescribable curse.
Frances hits you with a flail.
You sock Frances!
Frances is almost dead.
The ice devil is engulfed in a cloud of scalding steam.
You block the ice devil's attack.
The smoke demon hits you but does no damage.
You block the smoke demon's attack. The smoke demon completely misses you.
You block Frances's attack.
You closely miss Frances. You headbutt Frances, but do no damage.
Frances is almost dead.
Frances whispers indecipherable words.
The iron shot hits you!
You die...

.. # ###.## .###
...... ..>.
####.#.###.#.########
#..........#.#......#
#......... #.#......#
#........###@#......#
#..........3@4.......
#...........§§......#
#........###.....###
##.....(..##........#
#.....#.####.[......#
####.....#.#
#........#
#.†........#
##########
..##.....###
..##############


You could see Frances, an ice devil and a smoke demon.

Vanquished Creatures
  The ghost of magog001 the Blocker, a journeyman MiFi of Nemelex Xobeh (D:12)
  Erica (D:11)
  2 tengu warriors (D:11)
  Urug (D:12)
  2 hill giants
  An orc knight (Bailey)
  Psyche (D:12)
  Maurice (D:10)
  A kobold demonologist (D:10)
  2 trolls
  A two-headed ogre (D:13)
  13 yaks
  A wyvern (D:13)
  2 steam dragons
  Grum (D:11)
  2 hippogriffs
  3 vampire mosquitoes (D:13)
  A warg (D:11)
  A soldier ant (D:12)
  A water moccasin (D:9)
  6 orc warriors
  2 ice beasts
  5 sky beasts
  4 ogres
  2 black bears
  4 phantoms
  2 wolves (D:11)
  A necrophage (D:5)
  10 centaurs
  A crocodile (D:10)
  2 big kobolds
  6 giant frogs
  A gnoll sergeant (D:8)
  A wyvern zombie (D:12)
  2 wyvern skeletons (D:9)
  8 killer bees
  3 scorpions
  17 wights
  A howler monkey (D:13)
  2 centaur zombies
  A crimson imp (D:11)
  2 quasits
  3 giant frog zombies
  2 centaur skeletons
  3 hounds
  12 orc wizards
  2 giant frog skeletons (D:12)
  3 jellies
  7 orc priests
  Crazy Yiuf (D:3)
  5 iguanas
  8 worker ants
  A killer bee zombie (D:5)
  2 hound skeletons
  3 hound zombies
  A howler monkey zombie (D:5)
  A worker ant zombie (D:9)
  20 gnolls
  13 adders
  2 howler monkey skeletons
  A river rat (D:5)
  3 shadow imps
  3 oozes (Sewer)
  An adder zombie (D:2)
  An adder skeleton (D:2)
  4 worms
  4 dart slugs
  6 giant geckos
  54 orcs
  5 ball pythons
  8 giant cockroaches
  7 goblins
  18 hobgoblins
  16 jackals
  27 kobolds
  4 quokkas
  11 bats
  A giant cockroach zombie (D:2)
  8 giant newts
  A quokka skeleton (D:7)
  A quokka zombie (D:8)
  11 rats
406 creatures vanquished.

Vanquished Creatures (others)
  2 plants (D:13)
2 creatures vanquished.

Grand Total: 408 creatures vanquished

Notes
Turn   | Place    | Note
--------------------------------------------------------------
     0 | D:1      | magog001 the Minotaur Fighter began the quest for the Orb.
     0 | D:1      | Reached XP level 1. HP: 19/19 MP: 0/0
   251 | D:1      | Reached XP level 2. HP: 20/27 MP: 1/1
   831 | D:2      | Reached skill level 4 in Shields
   874 | D:2      | Reached XP level 3. HP: 27/33 MP: 2/2
  1344 | D:2      | Reached XP level 4. HP: 28/40 MP: 3/3
  1688 | D:3      | Noticed Crazy Yiuf
  1693 | D:3      | Killed Crazy Yiuf
  1835 | D:3      | Reached XP level 5. HP: 40/46 MP: 4/4
  1913 | D:3      | Reached skill level 5 in Armour
  2406 | D:4      | Found an oddly glowing altar of Pakellas.
  2408 | D:4      | Found a basalt altar of Yredelemnul.
  2433 | D:4      | Found Negutagy's Antique Weapon Shoppe.
  2660 | D:4      | Reached skill level 5 in Shields
  2723 | D:4      | Found a burning altar of Makhleb.
  2736 | D:4      | Noticed an ogre
  2749 | D:4      | Killed an ogre
  2749 | D:4      | Reached skill level 5 in Fighting
  2749 | D:4      | Reached skill level 1 in Maces & Flails
  2749 | D:4      | Reached XP level 6. HP: 56/56 MP: 5/5
  2790 | D:4      | Found a shadowy altar of Dithmenos.
  3021 | D:5      | Entered Level 5 of the Dungeon
  3128 | D:5      | Reached skill level 1 in Dodging
  3303 | D:5      | Found a glowing drain.
  3307 | Sewer    | Entered a sewer
  3318 | Sewer    | Reached XP level 7. HP: 57/61 MP: 6/6
  3641 | Sewer    | Reached skill level 6 in Shields
  4103 | D:5      | Gained mutation: You are agile. (Dex +2) [mutagenic meat]
  4104 | D:5      | Gained mutation: Your flesh is heat resistant. [mutagenic meat]
  4105 | D:5      | Gained mutation: Your spells are a little harder to cast, but a little more powerful. [mutagenic meat]
  4106 | D:5      | Gained mutation: Your natural rate of healing is unusually fast. [mutagenic meat]
  4260 | D:5      | Reached skill level 7 in Shields
  4505 | D:5      | Reached XP level 8. HP: 58/70 MP: 7/7
  4537 | D:5      | Found a staircase to the Ecumenical Temple.
  5281 | D:6      | Found a white marble altar of Elyvilon.
  5398 | D:6      | Found a deep blue altar of Sif Muna.
  5598 | D:6      | Reached skill level 8 in Shields
  5626 | D:6      | Found an opulent altar of Gozag.
  5626 | D:6      | Found a bloodstained altar of Trog.
  5705 | D:7      | Found Funyfera's Assorted Antiques.
  5712 | D:7      | Bought a fuming inky potion for 22 gold pieces
  5712 | D:7      | Bought a fizzy black potion for 22 gold pieces
  5712 | D:7      | Bought a scroll labeled AQEFUV YXIEK for 25 gold pieces
  5712 | D:7      | Bought a scroll of identify for 50 gold pieces
  5712 | D:7      | Bought a silver wand for 100 gold pieces
  5712 | D:7      | Bought a scroll labeled AQEFUV YXIEK for 25 gold pieces
  5902 | D:7      | Reached skill level 5 in Maces & Flails
  6081 | D:7      | Reached XP level 9. HP: 67/79 MP: 8/8
  6268 | D:7      | Gained mutation: You occasionally shout uncontrollably at your foes. [mutagenic meat]
  6269 | D:7      | Gained mutation: You are weak. (Str -2) [mutagenic meat]
  6270 | D:7      | Gained mutation: You tend to lose your temper in combat. [mutagenic meat]
  6271 | D:7      | Lost mutation: You are weak. (Str -2) [mutagenic meat]
  6725 | D:7      | You fall through a shaft!
  6748 | D:8      | Reached skill level 9 in Shields
  6974 | D:8      | Found a blossoming altar of Fedhas.
  8765 | D:9      | Found Vieloqeh's Weapon Boutique.
  8830 | D:9      | Found Wofez's Gadget Emporium.
  8831 | D:9      | Noticed a troll
  8858 | D:9      | Killed a troll
  8946 | D:9      | Bought a wand of iceblast (6/15) for 160 gold pieces
  9047 | D:9      | Reached skill level 10 in Shields
  9104 | D:9      | Reached XP level 10. HP: 75/88 MP: 9/9
  9328 | D:9      | Found Suintemn's Antique Weapon Emporium.
  9462 | D:9      | Found Laryt's General Store.
  9470 | D:9      | Bought a potion of curing for 36 gold pieces
  9470 | D:9      | Bought a scroll of magic mapping for 42 gold pieces
  9531 | D:10     | Entered Level 10 of the Dungeon
  9562 | D:10     | Found a flagged portal.
  9570 | Bailey   | Entered a bailey
  9713 | Bailey   | Noticed an orc knight
  9834 | Bailey   | Killed an orc knight
  9851 | Bailey   | Reached skill level 11 in Shields
 10170 | D:10     | Found a portal to a secret trove of treasure.
 10201 | D:10     | Noticed Maurice
 10222 | D:10     | Killed Maurice
 10407 | D:10     | Found a staircase to the Lair.
 10444 | D:10     | Got a fine ring mail
 10532 | D:10     | Identified the +1 ring mail "Ebleegoi" {Stlth+} (You found it on level 10 of the Dungeon)
 10644 | D:11     | Noticed Grum
 10651 | D:11     | Killed Grum
 10651 | D:11     | Reached skill level 5 in Dodging
 10703 | D:11     | Noticed Erica
 10717 | D:11     | Killed Erica
 10717 | D:11     | Reached XP level 11. HP: 88/95 MP: 10/10
 10746 | D:11     | Reached skill level 12 in Shields
 10755 | D:11     | Noticed a tengu warrior
 10758 | D:11     | Noticed a tengu warrior
 10810 | D:11     | Killed a tengu warrior
 10818 | D:11     | Killed a tengu warrior
 10947 | D:11     | Reached skill level 10 in Armour
 11233 | D:11     | Found a staircase to the Orcish Mines.
 11514 | D:11     | Noticed a hill giant
 11521 | D:11     | Killed a hill giant
 11850 | D:11     | Reached skill level 10 in Fighting
 11850 | D:11     | Reached skill level 10 in Maces & Flails
 11879 | D:12     | Noticed magog001's ghost (journeyman MiFi)
 12036 | D:12     | Noticed Urug
 12066 | D:12     | Killed Urug
 12093 | D:12     | Noticed a hill giant
 12108 | D:12     | Killed a hill giant
 12161 | D:12     | Noticed Psyche
 12169 | D:12     | Killed Psyche
 12302 | D:12     | Reached skill level 13 in Shields
 12490 | D:12     | Killed magog001's ghost
 12490 | D:12     | Reached skill level 1 in Evocations
 12555 | D:12     | Reached XP level 12. HP: 107/107 MP: 11/11
 13195 | D:13     | Noticed Frances
 13219 | D:13     | Killed from afar by Frances

Skill      XL: |  1  2  3  4  5  6  7  8  9 10 11 12 |
---------------+-------------------------------------+-----
Armour         | 4 5 6 7 9 10 | 10.7
Fighting       | 4 5 7 8 10 | 10.4
Shields        | 4 5 7 8 10 11 13 | 13.5
Axes           | 3 |  3.7
Maces & Flails | 1 2 3 5 7 9 10 11 | 11.1
Dodging        | 1 2 3 5 6 |  6.9
Evocations     | 1 |  1.0
Stealth        | |  0.5

Action                   |  1- 3 |  4- 6 |  7- 9 | 10-12 || total
-------------------------+-------+-------+-------+-------++-------
Melee: War axe           |    89 |    30 |       |       ||   119
       Headbutt          |     7 |    23 |   107 |   143 ||   280
       Mace              |       |   118 |   586 |   650 ||  1354
 Fire: Hunting sling     |       |       |       |     6 ||     6
Throw: Tomahawk          |       |       |     4 |       ||     4
Evoke: Wand              |       |       |     2 |    12 ||    14
  Use: Scroll            |       |    11 |    14 |     7 ||    32
       Potion            |       |     2 |    10 |     2 ||    14
  Eat: Chunk             |     1 |     8 |    27 |    20 ||    56
       Meat ration       |       |     1 |       |       ||     1
       Royal jelly       |       |       |       |     2 ||     2
       Fruit             |       |       |       |     1 ||     1
Armor: Scale mail        |    40 |    33 |    92 |   265 ||   430
       Chain mail        |       |    50 |   215 |       ||   265
Dodge: Dodged            |    27 |    50 |   172 |   285 ||   534
Block: Shield            |    40 |    92 |   455 |   511 ||  1098
